 Dungeon Crawl Stone Soup version 0.27-a0-1191-g601b473118 (webtiles) character file.

Game seed: 5912270967711847115

4465 bande the Cleaver (level 10, -5/60 HPs)
             Began as a Gargoyle Fighter on May 25, 2021.
             Was an Elder of Okawaru.
             Slain by Erica
             ... wielding a +3 scimitar of flaming
              (7 damage)
             ... on level 9 of the Dungeon.
             The game lasted 00:22:13 (10317 turns).

bande the Cleaver (Gargoyle Fighter)               Turns: 10317, Time: 00:22:14

Health: -5/60      AC:  0    Str: 22    XL:     10   Next: 37%
Magic:  14/14      EV: 13    Int:  9    God:    Okawaru [****..]
Gold:   390        SH:  0    Dex: 10    Spells: 9/9 levels left

rFire    . . .     SeeInvis .   (weapon currently unavailable)
rCold    . . .     Faith    .   (shield currently unavailable)
rNeg     + . .     Spirit   .   (armour currently unavailable)
rPois    ∞         Reflect  .   (helmet currently unavailable)
rElec    .         Harm     .   (cloak currently unavailable)
rCorr    .         Rampage  .   (gloves currently unavailable)
Will     .....                  (boots currently unavailable)
Stlth    +.........             (no amulet)
HPRegen  0.20/turn              (ring currently unavailable)
MPRegen  0.14/turn              (ring currently unavailable)

@: pig-form, slowed, studying Staves
A: fast, no casting, sickness immunity, AC +7, small, negative energy resistance
1, (electricity resistance), torment resistance 1, petrification resistance
a: Renounce Religion, Heroism


You were on level 9 of the Dungeon.
You worshipped Okawaru.
Okawaru was greatly pleased with you.
You were a filthy swine.
You visited 2 branches of the dungeon, and saw 10 of its levels.
You also visited: Ossuary.

You collected 390 gold pieces.

Inventory:

Hand Weapons
 a - a +1 war axe
 g - a +0 flail
 u - a +2 war axe of draining (melded)
Missiles
 j - 2 throwing nets (quivered)
Armour
 c - a +0 kite shield (melded)
 h - a +3 crystal plate armour (melded)
 n - a scarf of resistance (melded)
 q - a +1 pair of boots (melded)
Jewellery
 k - a +4 ring of evasion (melded)
 l - a ring of resist corrosion (melded)
 o - a ring of fire
Wands
 p - a wand of paralysis (11)
 s - a wand of flame (15)
 t - a wand of mindburst (12)
 v - a wand of iceblast (8)
Scrolls
 b - 10 scrolls of identify
 e - 4 scrolls of blinking
 m - 4 scrolls of teleportation
 x - a scroll of enchant weapon
Potions
 d - a potion of heal wounds
 f - a potion of mutation
 i - 5 potions of curing
 r - a potion of brilliance
 w - 2 potions of might
 z - a potion of haste
 A - a potion of ambrosia


   Skills:
 + Level 6.3 Fighting
 + Level 8.3 Axes
 + Level 6.3 Armour
 + Level 7.9 Shields
 * Level 5.7 Invocations
 * Level 4.2 Evocations


You had 9 spell levels left.
You didn't know any spells.
Your spell library contained the following spells:

 Spells                   Type           Power      Damage    Failure   Level
 Beastly Appendage        Tmut           0%         N/A       38%         1
 Wereblood                Tmut           0%         N/A       52%         2
 Spider Form              Tmut/Pois      0%         N/A       77%         3
 Ice Form                 Ice/Tmut       0%         N/A       99%         4
 Hydra Form               Tmut           0%         N/A       100%        5


Dungeon Overview and Level Annotations

Branches:
Dungeon (9/15)             Temple (1/1) D:6         Ossuary (visited)
   Lair: D:8-11         Orc: D:9-12

Altars:
Ashenzari
Cheibriados
Dithmenos
Fedhas
Kikubaaqudgha
Makhleb
Nemelex Xobeh
Okawaru
Qazlal
Ru
Sif Muna
Trog
Uskayaw
Vehumet
Wu Jian
Xom
Yredelemnul
Zin
The Shining One

Annotations:
D:3 3 runed translucent doors, Pooter's ghost, amateur GrEE; ZappyNine's ghost, amateur GnTm
D:9 Erica


Innate Abilities, Weirdness & Mutations

You are a filthy swine.
You move quickly.
Your equipment is almost entirely melded.
You are incapable of wielding weapons or throwing items.
You cannot cast spells.
You are immune to sickness and miasma.
((Your stone body is resilient. (AC +7)))
You are immune to poison.
You resist negative energy. (rN+)
((You are resistant to electric shocks. (rElec)))
You are resistant to unholy torment.
You are immune to petrification.


Message History

You slash something! Something hits you but does no damage.
You miss something.
You hear a zap.
Something tries to affect you, but you resist.
Something hits you! Something burns you.
You closely miss something. Something hits you!
You hear a zap.
Something tries to affect you, but you resist.
You closely miss something.
You hear some strange, mumbled words.
A bolt of poison appears from out of thin air!
The bolt of poison hits you but does no damage.
You resist. Something hits you but does no damage.
You miss something. Something hits you but does no damage.
You hear some strange, mumbled words.
You are confused.
You miss something.
Erica appears from thin air!
Reactivating autopickup.
Erica closely misses you.
Erica zaps a wand.
You turn into a filthy swine.
Your +2 war axe of draining melds into your body.
Your scarf of resistance melds into your body.
Your +1 pair of boots melds into your body.
Your +0 kite shield melds into your body.
Your +3 crystal plate armour melds into your body.
Your ring of resist corrosion melds into your body.
Your +4 ring of evasion melds into your body.
You feel hot and cold all over.
You feel much better.
Erica zaps a wand.
You easily resist.
You are too confused!
You bump into the rock wall.
Erica hits you with a +3 scimitar of flaming!
Erica burns you.
Erica hits you with a +3 scimitar of flaming!
Erica burns you.
You bump into the rock wall.
You feel less confused.
Erica hits you with a +3 scimitar of flaming!!
* * * LOW HITPOINT WARNING * * *
Erica burns you!
You die...

####### ############
....... #..........#
....... #..........#
.......###.<........#
.......#............###
.......#.#..[.........#
......@h.#..........#
.......###..........#
....... #######.####
####.## #.# ... #.# +##
..# ###


You could see Erica.

Vanquished Creatures
  A two-headed ogre (D:7)
  Maggie (D:9)
  2 shadows
  An acid dragon (D:5)
  An ice beast (D:7)
  An orc warrior (D:7)
  2 black bears
  2 necrophages
  2 ogres
  A centaur (D:7)
  3 kobold brigands
  4 bullfrogs
  2 scorpions
  A wyvern skeleton (D:6)
  A water moccasin skeleton (D:6)
  A killer bee (D:6)
  A howler monkey (D:8)
  10 centaur zombies
  2 gnoll shamans
  4 jellies
  2 orc priests (D:7)
  A centaur skeleton (D:4)
  10 orc wizards
  6 mummies
  3 adders
  13 gnolls
  3 shadow imps
  A white imp (D:7)
  2 ufetubi (D:6)
  An adder skeleton (D:5)
  A worm (D:3)
  5 dart slugs
  9 orcs
  9 endoplasms
  3 giant cockroaches
  7 hobgoblins
  10 jackals
  19 kobolds
  4 quokkas
  8 ball pythons
  3 bats
  4 frilled lizards
  3 goblins
  4 hobgoblin zombies (Ossuary)
  5 rats
179 creatures vanquished.

Vanquished Creatures (others)
  An orc wizard (D:8)
  A butterfly (D:9)
  3 withered plants (D:3)
5 creatures vanquished.

Grand Total: 184 creatures vanquished

Notes
Turn   | Place    | Note
-------+----------+-------------------------------------------
     0 | D:1      | bande the Gargoyle Fighter began the quest for the Orb.
     0 | D:1      | Reached XP level 1. HP: 14/14 MP: 1/1
    48 | D:1      | Identified a scroll of acquirement
    48 | D:1      | Acquired a +2 crystal plate armour
   170 | D:1      | Reached XP level 2. HP: 13/19 MP: 2/2
   493 | D:1      | Reached skill level 2 in Axes
   815 | D:1      | Found a faded altar of an unknown god.
  1017 | D:1      | Reached XP level 3. HP: 23/23 MP: 3/3
  1826 | D:2      | Reached XP level 4. HP: 27/29 MP: 4/4
  2144 | D:2      | Reached skill level 3 in Axes
  2368 | D:3      | Found a shimmering altar of Xom.
  2377 | D:3      | Found a glowing golden altar of the Shining One.
  2381 | D:3      | Found a stormy altar of Qazlal.
  2525 | D:3      | Found an ancient bone altar of Kikubaaqudgha.
  2650 | D:3      | Reached XP level 5. HP: 33/33 MP: 5/5
  2698 | D:3      | You fall into a shaft and drop 3 floors!
  2895 | D:6      | Found a staircase to the Ecumenical Temple.
  2909 | D:6      | Reached XP level 6. HP: 22/38 MP: 6/6
  2914 | Temple   | Entered the Ecumenical Temple
  2923 | Temple   | Reached skill level 4 in Axes
  3246 | Temple   | Became a worshipper of Warmaster Okawaru
  3310 | D:5      | Entered Level 5 of the Dungeon
  3310 | D:5      | Found a bloodstained altar of Trog.
  3843 | D:3      | Found a runed translucent gate.
  3843 | D:3      | Found a runed translucent gate.
  3843 | D:3      | Noticed ZappyNine's ghost (amateur GnTm)
  3844 | D:3      | Found a runed translucent gate.
  3844 | D:3      | Noticed Pooter's ghost (amateur GrEE)
  4026 | D:3      | Reached skill level 5 in Shields
  4026 | D:3      | Reached XP level 7. HP: 43/43 MP: 7/7
  4177 | D:4      | Reached skill level 1 in Invocations
  4399 | D:4      | Found a shimmering blue altar of Sif Muna.
  4520 | D:4      | Found a radiant altar of Vehumet.
  4758 | D:5      | Reached skill level 5 in Axes
  4997 | D:5      | Reached * piety under Okawaru
  5016 | D:5      | Reached XP level 8. HP: 48/48 MP: 9/9
  5076 | D:5      | Reached skill level 5 in Armour
  6047 | D:6      | Reached skill level 1 in Evocations
  6248 | D:6      | Reached skill level 5 in Fighting
  6447 | D:6      | Noticed a shadow
  6457 | D:6      | Killed a shadow
  6457 | D:6      | Reached ** piety under Okawaru
  6458 | D:6      | Reached skill level 6 in Axes
  7014 | D:6      | Found a burning altar of Makhleb.
  7019 | D:6      | Found a glowing silver altar of Zin.
  7019 | D:6      | Noticed an angel
  7020 | D:6      | Noticed an Executioner
  7216 | D:7      | Reached XP level 9. HP: 54/54 MP: 11/11
  7891 | D:7      | Reached *** piety under Okawaru
  7892 | D:7      | Reached skill level 7 in Axes
  8169 | D:7      | Paralysed by an orc wizard for 6 turns
  8192 | D:7      | Found a snail-covered altar of Cheibriados.
  8267 | D:7      | Noticed a two-headed ogre
  8275 | D:7      | Killed a two-headed ogre
  8275 | D:7      | Reached **** piety under Okawaru
  8276 | D:7      | Reached skill level 5 in Invocations
  8276 | D:7      | Reached XP level 10. HP: 37/60 MP: 13/13
  8290 | D:7      | Identified the +6 scale mail of Eternal Vigilance {Str+9
                  | Int-2 Stlth+}
  8833 | D:8      | Found a sand-covered staircase.
  8842 | Ossuary  | Entered an ossuary
  8858 | Ossuary  | Reached skill level 8 in Axes
  9516 | D:8      | Found a sparkling altar of Nemelex Xobeh.
  9867 | D:9      | Noticed Maggie
 10141 | D:9      | Killed Maggie
 10295 | D:9      | Noticed Erica
 10317 | D:9      | HP: 2/60 [Erica/+3 scimitar of flaming (20)]
 10317 | D:9      | Slain by Erica

Illustrated notes

Levels and vault maps discovered:
D:1:      lemuel_arrival_river_bridge, layout_basic,
          ebering_ecumenical_altar_box
D:2:      layout_basic
D:3:      layout_rooms, grunt_temple_overflow_open, kiku_gazebo_pond_becter,
          gammafunk_ghost_cemetery, serial_corexii_hall,
          chequers_hall_statues_y, chequers_hall_statues_corner_a,
          corexii_hall_statues_s, corexii_hall_statues_t, minmay_misc_feat_x
D:4:      layout_basic, old_standard_altar, kennysheep_mini_moat,
          minmay_manual_mail
D:5:      minmay_evil_eye, layout_cave_pools, general_overflow_altar
D:6:      layout_layer_cave, grunt_temple_overflow_order_and_chaos_2,
          minmay_temple_entry_statues_pillars
D:7:      layout_basic, kennysheep_slug_shrine, minmay_circle_x
D:8:      layout_loops_corners, lemuel_crystal_altar, gup_ossuary_entry_pyramid
D:9:      layout_roguey, nicolae_elyvilon_peaceful_grove, uniq_erica,
          uniq_joseph, uniq_maggie
Temple:   zaba_magenta_temple

Skill      XL: |  1  2  3  4  5  6  7  8  9 10 |
---------------+-------------------------------+-----
Axes           | 2 3 4 5 6 7 8 |  8.3
Armour         | 4 5 6 |  6.3
Shields        | 4 5 6 7 |  7.9
Fighting       | 4 5 6 |  6.3
Invocations    | 2 3 5 |  5.7
Evocations     | 2 3 4 |  4.2

Action                   |  1- 3 |  4- 6 |  7- 9 | 10-12 || total
-------------------------+-------+-------+-------+-------++-------
Melee: War axe           |   119 |   126 |   305 |   119 ||   669
  Use: Scroll            |     6 |       |     4 |     4 ||    14
       Potion            |       |     2 |     5 |     1 ||     8
Armor: Scale mail        |    18 |       |       |       ||    18
       Crystal plate arm |   113 |   172 |   363 |   122 ||   770
       Skin              |       |       |       |     3 ||     3
Dodge: Dodged            |    13 |    54 |   105 |    34 ||   206
Block: Kite shield       |    79 |   112 |   250 |    93 ||   534

Table legend: (Time is in decaauts)
 A = Elapsed time spent in this place.
 B = Non-inter-level travel time spent in this place.
 C = Inter-level travel time spent in this place.
 D = Time resting spent in this place.
 E = Time spent auto-exploring this place.
 F = Levels seen in this place.
 G = Mean time per level.
                   A        B        C        D        E       F      G
               +--------+--------+--------+--------+--------+-----+--------+
         Total |  10612 |  10612 |      0 |   2418 |   5489 |  11 |  964.7 |
       Dungeon |   9917 |   9917 |      0 |   1970 |   5438 |   9 | 1101.9 |
        Temple |    357 |    357 |      0 |    253 |     42 |   1 |  357.0 |
       Ossuary |    337 |    337 |      0 |    195 |      9 |   1 |  337.0 |
               +--------+--------+--------+--------+--------+-----+--------+

Top non-repeatable levels by time:
     D:6: 1726 daAuts
     D:1: 1525 daAuts
     D:5: 1275 daAuts
     D:7: 1258 daAuts
     D:8: 1161 daAuts
     D:4: 985 daAuts
     D:2: 932 daAuts
     D:3: 830 daAuts
  Temple: 357 daAuts
 Ossuary: 337 daAuts
     D:9: 221 daAuts
